 Dungeon Crawl Stone Soup version 0.26-a0-200-g62faa89a7e (webtiles) character file.

Game seed: 5819243757865966559

230840 MrRokkomies the Tortoise (level 19, -2/155 HPs)
             Began as a Barachi Fighter on July 4, 2020.
             Was the Champion of Ru.
             Slain by a large slime creature (19 damage)
             ... on level 1 of the Vaults on July 5, 2020.
             The game lasted 02:37:52 (51926 turns).

MrRokkomies the Tortoise (Barachi Fighter)         Turns: 51926, Time: 02:37:52

Health: -2/155     AC: 30    Str: 15 (18) XL:     19   Next: 3%
Magic:  19/19      EV:  9    Int: 21      God:    Ru [******]
Gold:   1256       SH:  0    Dex: 15      Spells: 9/18 levels left

rFire    + + .     SeeInvis .   b - +5 fustibalus "Naqiki" {flame, rF+ MR+ Dex+3}
rCold    . . .     Faith    .   (shield unavailable)
rNeg     + . .     Spirit   .   d - +6 pearl dragon scales of the Skies Above {+Inv rN+ Str+3 Int+3}
rPois    +         Reflect  .   F - +1 helmet
rElec    +         Harm     .   e - scarf {repulsion}
rCorr    .                      N - +1 pair of gloves
MR       ++...                  V - +2 pair of boots {run}
Stlth    ..........             I - amulet "Pejag" {rElec rF+ Regen+ Str-3 Int+2}
HPRegen  0.75/turn              (ring unavailable)
MPRegen  0.16/turn              P - ring of poison resistance

@: confused, exhausted, heavily drained, repel missiles
A: +LOS, swims, slowness 1, missing a hand, no conjurations magic, no necromancy
magic, no poison magic, reduced EV 1, unskilled 1, strong legs 2
}: 2/15 runes: decaying, gossamer
a: Hop, Draw Out Power, Power Leap, Apocalypse, Renounce Religion, Evoke
Invisibility


You were on level 1 of the Vaults.
You worshipped Ru.
Ru was exalted by your worship.
You were hungry.

You visited 6 branches of the dungeon, and saw 32 of its levels.
You also visited: Gauntlet.

You collected 3317 gold pieces.
You spent 2061 gold pieces at shops.

Inventory:

Hand Weapons
 a - a +2 trident of venom
 b - the +5 fustibalus "Naqiki" (weapon) {flame, rF+ MR+ Dex+3}
   (You found it on level 8 of the Dungeon)

   It causes projectiles fired from it to burn those they strike, causing extra
   injury to most foes and up to half again as much damage against particularly
   susceptible opponents.
   It affects your dexterity (+3).
   It protects you from fire.
   It affects your resistance to hostile enchantments.
Missiles
 q - 8 sling bullets (quivered)
 t - 8 poisoned darts
 J - 299 stones
 L - 2 curare-tipped darts
Armour
 d - the +6 pearl dragon scales of the Skies Above (worn) {+Inv rN+ Str+3 Int+3}
   (You took it off a minotaur in a Gauntlet)

   It affects your strength (+3).
   It affects your intelligence (+3).
   It protects you from negative energy.
   It lets you turn invisible.
 e - a scarf of repulsion (worn)
 u - a +2 plate armour of magic resistance
 C - a +2 ring mail of cold resistance
 F - a +1 helmet (worn)
 K - the +8 chain mail of Leufyum {rPois rF+ rCorr Str-3}
   (You found it on level 4 of the Spider Nest)

   It affects your strength (-3).
   It protects you from fire.
   It protects you from poison.
   It provides partial protection from all sources of acid and corrosion.
 N - a +1 pair of gloves (worn)
 V - a +2 pair of boots of running (worn)
 W - a +1 scale mail of fire resistance
Jewellery
 j - an uncursed ring of positive energy
 l - an uncursed ring of flight
 n - an uncursed ring of protection from magic
 w - an uncursed amulet of the acrobat
 B - a +4 ring of protection
 H - an uncursed ring of see invisible
 I - the amulet "Pejag" (around neck) {rElec rF+ Regen+ Str-3 Int+2}
   (You acquired it on level 1 of the Swamp)

   [amulet of regeneration]

   It affects your strength (-3).
   It affects your intelligence (+2).
   It protects you from fire.
   It insulates you from electricity.
   It increases your rate of regeneration.
 P - a ring of poison resistance (right hand)
Wands
 c - a wand of acid (10)
 p - a wand of polymorph (8)
 D - a wand of iceblast (33)
 O - a wand of flame (17)
 S - a wand of random effects (22)
Scrolls
 g - 4 scrolls of enchant weapon
 h - 10 scrolls of teleportation
 m - 3 scrolls of fear
 o - 18 scrolls of remove curse
 s - 5 scrolls of fog
 v - 8 scrolls of identify
 y - 4 scrolls of magic mapping
 z - a scroll of brand weapon
 G - 3 scrolls of immolation
 M - a scroll of blinking
 Q - 3 scrolls of amnesia
Potions
 i - 5 potions of stabbing
 k - a potion of brilliance
 r - 6 potions of flight
 x - 4 potions of cancellation
 A - 2 potions of mutation
 E - 4 potions of might
 R - 2 potions of ambrosia
 U - a potion of invisibility
 X - a potion of magic
 Z - 2 potions of haste
Miscellaneous
 T - a phial of floods (inert)
Comestibles
 f - 40 rations


   Skills:
 * Level 15.1(13.3) Fighting
 - Level 14.0(12.2) Polearms
 - Level 14.0(12.2) Slings
 - Level 15.3(13.5) Armour
 + Level 10.0(8.4) Dodging
 * Level 1.5(0.3) Hexes
 - Level 10.5(8.9) Translocations
 - Level 10.5(8.8) Evocations


You had 9 spell levels left.
You knew the following spells:

 Your Spells              Type           Power        Failure   Level  Hunger
a - Gell's Gravitas       Tloc           #####.....   4%          3    ####...
b - Confusing Touch       Hex            #.......     85%         3    ####...
c - Portal Projectile     Hex/Tloc       ###...       26%         3    ####...

Your spell library contained the following spells:

 Spells                   Type           Power        Failure   Level  Hunger
 Apportation              Tloc           #####.       1%          1    ##.....
 Blink                    Tloc           N/A          2%          2    ###....
 Corona                   Hex            #......      47%         1    ##.....
 Beastly Appendage        Tmut           #.....       52%         1    ##.....
 Freeze                   Ice            #...         52%         1    ##.....
 Sandblast                Erth           #.....       52%         1    ##.....
 Summon Small Mammal      Summ           #...         52%         1    ##.....
 Slow                     Hex            #.......     63%         2    ###....
 Call Imp                 Summ           #.......     65%         2    ###....
 Passwall                 Tmut/Erth      #.......     65%         2    ###....
 Sticks to Snakes         Tmut           #.......     65%         2    ###....
 Inner Flame              Hex/Fire       #.......     86%         3    ####...
 Frozen Ramparts          Ice            #.....       87%         3    ####...
 Ozocubu's Armour         Chrm/Ice       #.......     87%         3    ####...
 Dispersal                Tloc           #####.....   94%         6    #######
 Cause Fear               Hex            #.........   99%         4    #####..
 Ice Form                 Ice/Tmut       #.......     99%         4    #####..
 Leda's Liquefaction      Hex/Erth       #.........   99%         4    #####..
 Petrify                  Tmut/Erth      #.......     99%         4    #####..
 Summon Ice Beast         Ice/Summ       #.......     99%         4    #####..
 Blade Hands              Tmut           #.........   100%        5    ######.
 Lee's Rapid Deconstruct  Erth           #.........   100%        5    ######.
 Metabolic Englaciation   Hex/Ice        #.........   100%        5    ######.
 Silence                  Hex/Air        #.........   100%        5    ######.
 Yara's Violent Unravell  Hex/Tmut       #.........   100%        5    ######.
 Controlled Blink         Tloc           N/A          100%        8    #######
 Discord                  Hex            #.........   100%        8    #######
 Disjunction              Tloc           #####.....   100%        8    #######
 Animate Skeleton         Necr           Unusable     N/A         1    N/A
 Magic Dart               Conj           Unusable     N/A         1    N/A
 Pain                     Necr           Unusable     N/A         1    N/A
 Corpse Rot               Necr/Air       Unusable     N/A         2    N/A
 Searing Ray              Conj           Unusable     N/A         2    N/A
 Iskenderun's Mystic Bla  Conj/Tloc      Unusable     N/A         4    N/A
 Dazzling Flash           Conj/Hex       Unusable     N/A         3    N/A
 Conjure Flame            Conj/Fire      Unusable     N/A         3    N/A
 Mephitic Cloud           Conj/Pois/Air  Unusable     N/A         3    N/A
 Spider Form              Tmut/Pois      Unusable     N/A         3    N/A
 Stone Arrow              Conj/Erth      Unusable     N/A         3    N/A
 Fulminant Prism          Conj/Hex       Unusable     N/A         4    N/A
 Hailstorm                Conj/Ice       Unusable     N/A         4    N/A

Dungeon Overview and Level Annotations

Branches:
Dungeon (15/15)            Temple (0/1) D:4            Lair (6/6) D:11
  Swamp (4/4) Lair:3       Spider (4/4) Lair:4        Slime (0/5) Lair:5
    Orc (2/2) D:9             Elf (0/3) Orc:2        Vaults (1/5) D:13
 Depths (0/5) D:15        Gauntlet (visited)

Altars:
Makhleb
Ru
Trog
Uskayaw
Wu Jian
Xom
Yredelemnul
The Shining One

Shops:
D:4 (   D:5 *[   D:11 [?*   Orc:2 (:[*

Annotations:
D:11 2 transporters, Sypsagh's ghost, journeyman DsVM
Swamp:2 2 transporters
Vaults:1 Aizul


Innate Abilities, Weirdness & Mutations

You can be seen from farther away. (+LOS)
You can swim through water.
You cover ground slowly.
You are missing a hand.
You cannot study or cast Conjurations magic.
You cannot study or cast Necromancy magic.
You cannot study or cast Poison magic.
You have somewhat slow reflexes. (EV -5)
You are somewhat unskilled. (-1 Apt)
You can hop long distances.


Message History

You are confused.
You feel invigorated.
Aizul is no longer waterlogged.
Aizul hisses menacingly.
Aizul coils herself and waves her upper body at you.
The bolt of poison hits you. You resist.
* * * LOW HITPOINT WARNING * * *
Aizul barely misses you.
Aizul begins to cast a spell, but is stunned by your will!
You redirect Aizul's attack!
Aizul hits the large slime creature.
The large slime creature hits you!
* * * LOW HITPOINT WARNING * * *
You redirect Aizul's attack!
Aizul hits you but does no damage.
The large slime creature is stunned by your will and fails to attack.
Aizul begins to cast a spell, but is stunned by your will!
Aizul hits you!
* * * LOW HITPOINT WARNING * * *
You focus your will and slow Aizul in retribution!
The large slime creature hits you!!
You die...

.# .#
.# .#
.## ..
#####'#
#...SJ#
#.@#
+###


You could see Aizul (slow) and a large slime creature.

Vanquished Creatures
  Jorgrun (D:14)
  A tentacled monstrosity (Swamp:4)
  Asterion (Spider:1)
  Frances (Swamp:1)
  Kirke (Swamp:2)
  3 thorn hunters
  An orc warlord (Orc:2)
  3 ghost moths
  6 emperor scorpions
  4 entropy weavers
  Nessos (D:15)
  2 spark wasps (Spider:4)
  A minotaur (Gauntlet)
  3 green deaths
  2 fire dragons (D:15)
  A yaktaur captain (Vaults:1)
  Harold (Orc:1)
  A rakshasa (D:14)
  An ice dragon (D:15)
  8 vault guards
  12 hydras
  2 ghost crabs
  4 catoblepae
  5 centaur warriors
  20 alligators
  2 anacondas (Lair:6)
  2 shambling mangroves
  7 two-headed ogres
  A tengu warrior (D:15)
  A queen ant (Spider:3)
  4 death yaks (Lair:6)
  4 orc high priests (Orc:2)
  A thrashing horror (Swamp:4)
  Urug (D:9)
  A sixfirhy (Gauntlet)
  A flayed ghost (Vaults:1)
  7 unseen horrors
  7 swamp dragons
  A deep elf archer (Vaults:1)
  4 orc knights
  21 wolf spiders
  4 orc sorcerers
  2 deep elf magi
  13 orb spiders
  4 cyclopes
  2 moths of wrath
  22 ugly things
  2 black mambas
  2 manticores (D:15)
  Maurice (Orc:1)
  12 elephants
  3 gargoyles
  4 orange demons
  A vault sentinel (Vaults:1)
  3 torpor snails
  23 cane toads
  3 large abominations (Swamp:4)
  4 molten gargoyles (D:14)
  10 komodo dragons
  8 yaktaurs
  An efreet (D:13)
  A redback zombie (D:15)
  3 rime drakes
  13 demonic crawlers
  2 meliai (Gauntlet)
  A tengu conjurer (D:14)
  7 tyrant leeches
  A queen bee (D:11)
  8 trolls
  A troll (shapeshifter) (D:15)
  A hornet (shapeshifter) (D:15)
  2 polar bears (Lair:6)
  5 blink frogs
  20 jumping spiders
  21 hornets
  32 slime creatures
  A dream sheep (Lair:6)
  14 bog bodies
  11 hippogriffs
  Grinder (D:3)
  A meliai zombie (D:11)
  Sigmund (D:2)
  45 redbacks
  6 shadows
  14 spriggans
  A vampire (D:12)
  A redback (shapeshifter) (Vaults:1)
  A wraith (Vaults:1)
  2 wyverns
  3 basilisks
  4 hogs (Swamp:2)
  38 yaks
  A golden eye (shapeshifter) (D:14)
  15 tarantellas
  2 hungry ghosts
  A fire elemental (D:14)
  9 vampire mosquitoes
  A steam dragon (D:9)
  15 swamp worms
  7 wargs
  19 soldier ants
  14 water moccasins
  17 insubstantial wisps
  2 acid dragons
  5 porcupines
  5 ice beasts
  7 swamp drakes
  28 orc warriors
  5 sky beasts
  3 necrophages
  4 black bears (Lair:6)
  16 ogres
  3 phantoms
  14 centaurs
  34 wolves
  10 boggarts
  8 crocodiles
  3 big kobolds
  24 bullfrogs
  A wyvern zombie (D:11)
  A troll zombie (Swamp:1)
  6 scorpions
  38 killer bees
  2 wights (D:11)
  2 electric eels
  2 howler monkeys (D:4)
  2 troll skeletons (Swamp:1)
  A centaur zombie (D:10)
  A bullfrog zombie (D:11)
  11 jellies
  23 orc priests
  33 orc wizards
  2 bullfrog skeletons
  4 hounds
  Jessica (D:3)
  6 iguanas
  A hell rat (Lair:6)
  23 worker ants
  2 hound skeletons
  A hound zombie (D:11)
  A mummy (D:11)
  2 worker ant zombies
  15 gnolls
  10 adders
  A river rat (Lair:2)
  5 ufetubi
  6 oozes
  2 adder skeletons
  2 worms
  4 dart slugs
  7 leopard geckos
  77 orcs
  5 bats
  5 giant cockroaches
  7 goblins
  9 hobgoblins
  19 jackals
  19 kobolds
  A quokka (D:10)
  2 ball pythons
  A ball python zombie (D:6)
  7 frilled lizards
  A jackal skeleton (D:4)
  A quokka zombie (D:5)
  9 rats
  A fungus (Lair:4)
1191 creatures vanquished.

Vanquished Creatures (collateral kills)
  A redback (Spider:1)
1 creature vanquished.

Vanquished Creatures (others)
  Nikola (Swamp:1)
  A ghost moth (Spider:4)
  An emperor scorpion (Spider:2)
  2 hydras
  3 alligators
  A spriggan druid (Swamp:3)
  A manticore (D:15)
  2 wolf spiders (Spider:3)
  An elephant (Lair:4)
  2 demonic crawlers
  A polar bear (Lair:3)
  A bog body (Swamp:1)
  A hippogriff (D:10)
  A redback (Spider:4)
  3 tarantellas
  A wyvern (D:11)
  A soldier ant (Spider:3)
  A swamp worm (Swamp:3)
  A swamp drake (Swamp:1)
  An orc warrior (Orc:2)
  A big kobold (D:12)
  A killer bee (D:8)
  An orc priest (Orc:1)
  A gnoll (D:7)
  An ufetubus (Gauntlet)
  An orc (D:7)
  A giant cockroach (D:6)
  2 kobolds
  14 fungi
  10 plants
60 creatures vanquished.

Grand Total: 1252 creatures vanquished

Notes
Turn   | Place    | Note
-------+----------+-------------------------------------------
     0 | D:1      | MrRokkomies the Barachi Fighter began the quest for the
                  | Orb.
     0 | D:1      | Reached XP level 1. HP: 18/18 MP: 1/1
   158 | D:1      | Reached XP level 2. HP: 25/25 MP: 2/2
   477 | D:1      | Reached XP level 3. HP: 29/30 MP: 3/3
   629 | D:1      | Reached skill level 1 in Dodging
  1007 | D:2      | Found a sacrificial altar of Ru.
  1025 | D:2      | Became a worshipper of Ru the Awakened
  1312 | D:2      | Found a basalt altar of Yredelemnul.
  1615 | D:2      | Reached XP level 4. HP: 31/38 MP: 4/4
  1766 | D:2      | Noticed Sigmund
  1775 | D:2      | Killed Sigmund
  1775 | D:2      | Reached skill level 5 in Fighting
  1775 | D:2      | Reached XP level 5. HP: 29/44 MP: 5/5
  1775 | D:2      | Reached XP level 6. HP: 33/51 MP: 6/6
  2077 | D:3      | Noticed Jessica
  2088 | D:3      | Killed Jessica
  2233 | D:3      | Gained mutation: You cannot study or cast Poison magic. [Ru
                  | sacrifice]
  2233 | D:3      | Gained mutation: You cannot study or cast Necromancy magic.
                  | [Ru sacrifice]
  2233 | D:3      | Gained mutation: You cannot study or cast Conjurations
                  | magic. [Ru sacrifice]
  2233 | D:3      | Reached * piety under Ru
  2255 | D:3      | Noticed Grinder
  2292 | D:3      | Killed Grinder
  2292 | D:3      | Reached skill level 5 in Armour
  2292 | D:3      | Reached XP level 7. HP: 15/58 MP: 7/7
  3095 | D:3      | HP: 1/59 [orc priest/divine providence (14)]
  3539 | D:4      | Found a hide-covered altar of Uskayaw.
  3572 | D:4      | Reached skill level 5 in Polearms
  3831 | D:4      | Found an ornate altar of the Wu Jian Council.
  3894 | D:4      | Found a staircase to the Ecumenical Temple.
  4235 | D:4      | Found Mifes's Weapon Boutique.
  4338 | D:5      | Entered Level 5 of the Dungeon
  4362 | D:4      | Reached XP level 8. HP: 38/67 MP: 8/8
  5333 | D:5      | Found Lattoew's Antique Armour Boutique.
  5489 | D:5      | Found Ati Ecvorgh's Assorted Antiques.
  5498 | D:5      | Bought a scroll labeled OVIUSS RIRIT for 17 gold pieces
  5570 | D:5      | Gained mutation: You are missing a hand. [Ru sacrifice]
  5570 | D:5      | Reached ** piety under Ru
  5570 | D:5      | Reached *** piety under Ru
  5570 | D:5      | Reached **** piety under Ru
  5940 | D:6      | Found a glowing golden altar of the Shining One.
  5957 | D:6      | Reached XP level 9. HP: 73/75 MP: 9/9
  6578 | D:6      | Found a burning altar of Makhleb.
  6699 | D:7      | Reached skill level 5 in Dodging
  7367 | D:7      | Reached skill level 10 in Fighting
  8013 | D:7      | Gained mutation: You are somewhat unskilled. (-1 Apt) [Ru
                  | sacrifice]
  8013 | D:7      | Reached ***** piety under Ru
  8468 | D:8      | Reached XP level 10. HP: 83/83 MP: 10/10
  8836 | D:8      | Got an ichor-stained fustibalus
  8837 | D:8      | Identified the +5 fustibalus "Naqiki" {flame, rF+ MR+
                  | Dex+3} (You found it on level 8 of the Dungeon)
  9419 | D:8      | Killed an unseen horror
  9565 | D:8      | Reached skill level 10 in Fighting
  9565 | D:8      | Reached skill level 1 in Slings
 10838 | D:9      | Found a staircase to the Orcish Mines.
 11587 | D:10     | Entered Level 10 of the Dungeon
 11602 | D:10     | Paralysed by a hornet for 1 turns
 11751 | D:10     | Found a bloodstained altar of Trog.
 11827 | D:10     | Noticed a gargoyle
 11832 | D:10     | Killed a gargoyle
 11832 | D:10     | Reached XP level 11. HP: 92/92 MP: 11/11
 13171 | D:5      | Bought a runed plate armour for 572 gold pieces
 13437 | D:11     | Found Obufuv's Weapon Emporium.
 13981 | D:11     | Found a staircase to the Lair.
 13986 | D:11     | Noticed an unseen horror
 13994 | D:11     | Killed an unseen horror
 13994 | D:11     | Reached skill level 10 in Polearms
 14163 | D:11     | Reached skill level 5 in Slings
 14240 | D:11     | Found Uryax's Antique Armour Shop.
 14310 | D:11     | Found Qystushri's Magic Scroll Boutique.
 14334 | D:11     | Noticed a cyclops
 14341 | D:11     | Killed a cyclops
 14358 | D:11     | Noticed Sypsagh's ghost (journeyman DsVM)
 14360 | D:11     | Found a bloodstained altar of Trog.
 14360 | D:11     | Identified the cursed +8 giant club "Rasec" {vamp, rF+
                  | Str+6}
 14360 | D:11     | Noticed a two-headed ogre
 14360 | D:11     | Noticed a moth of wrath
 14363 | D:11     | Noticed a cyclops
 14496 | D:11     | Found a transporter.
 14640 | D:11     | Found a transporter.
 14712 | D:11     | Found Reschyek's Assorted Antiques.
 14797 | D:11     | Gained mutation: You have somewhat slow reflexes. (EV -5)
                  | [Ru sacrifice]
 14797 | D:11     | Reached ****** piety under Ru
 15059 | D:11     | Reached XP level 12. HP: 96/100 MP: 12/12
 15610 | Lair:1   | Entered Level 1 of the Lair of Beasts
 18104 | Lair:3   | Found a staircase to the Swamp.
 18326 | Lair:3   | Noticed a catoblepas
 18446 | Lair:3   | Killed a catoblepas
 19156 | Lair:4   | Gained mutation: You can hop long distances. [Barachi
                  | growth]
 19156 | Lair:4   | Reached XP level 13. HP: 59/106 MP: 13/13
 19803 | Lair:4   | Reached skill level 10 in Armour
 19951 | Lair:4   | Found a hole to the Spider Nest.
 21376 | Lair:5   | Identified a scroll of acquirement
 21493 | Lair:5   | Found a staircase to the Slime Pits.
 22432 | Lair:6   | Entered Level 6 of the Lair of Beasts
 22499 | Lair:6   | Reached skill level 10 in Slings
 23228 | Lair:6   | Reached XP level 14. HP: 57/113 MP: 8/14
 23931 | Lair:6   | Paralysed by a hornet for 3 turns
 23978 | Lair:6   | HP: 4/113 [elephant (13)]
 26944 | Orc:1    | Entered Level 1 of the Orcish Mines
 26960 | Orc:1    | Noticed Harold
 26974 | Orc:1    | Noticed Urug
 26977 | Orc:1    | Killed Harold
 26977 | Orc:1    | Noticed Maurice
 27270 | D:9      | Killed Urug
 27701 | Orc:1    | Killed Maurice
 28222 | Orc:1    | Found a bloodstained altar of Trog.
 28374 | Orc:2    | Entered Level 2 of the Orcish Mines
 28461 | Orc:2    | Found a staircase to the Elven Halls.
 28728 | Orc:2    | Noticed an orc warlord
 28739 | Orc:2    | Killed an orc warlord
 28785 | Orc:2    | Reached XP level 15. HP: 101/120 MP: 13/15
 29452 | Orc:2    | Found Qearetue's Antique Armour Shop.
 29453 | Orc:2    | Found Olull's Antique Weapon Boutique.
 29455 | Orc:2    | Found Wynifej's General Store.
 29455 | Orc:2    | Found Osealiec's Book Shop.
 29728 | D:11     | Bought a pair of glowing boots for 217 gold pieces
 29738 | D:11     | Identified a +1 pair of boots of running (You bought it in
                  | a shop on level 11 of the Dungeon)
 29738 | D:11     | Bought a runed scale mail for 203 gold pieces
 29738 | D:11     | Bought a glowing chain mail for 217 gold pieces
 29941 | Orc:2    | Bought a runed plate armour for 520 gold pieces
 29941 | Orc:2    | Bought a glowing chain mail for 150 gold pieces
 30163 | D:5      | Bought a runed chain mail for 165 gold pieces
 31592 | D:13     | Found a gate to the Vaults.
 31609 | D:13     | Found a gate leading to a gauntlet.
 31644 | Gauntlet | Entered a Gauntlet
 31644 | Gauntlet | Found a transporter.
 31644 | Gauntlet | Found a transporter.
 31973 | Gauntlet | Found a transporter.
 31990 | Gauntlet | Found a transporter.
 32000 | Gauntlet | Found a large runed translucent door.
 32001 | Gauntlet | Found a large runed translucent door.
 32002 | Gauntlet | Found a large runed translucent door.
 32002 | Gauntlet | Found a large runed translucent door.
 32002 | Gauntlet | Found a large runed translucent door.
 32002 | Gauntlet | Found a large runed translucent door.
 32003 | Gauntlet | Found a runed translucent door.
 32003 | Gauntlet | Found a large runed translucent door.
 32003 | Gauntlet | Found a large runed translucent door.
 32003 | Gauntlet | Found a runed translucent gate.
 32004 | Gauntlet | Found a transporter.
 32004 | Gauntlet | Found a runed translucent gate.
 32004 | Gauntlet | Found a transporter.
 32004 | Gauntlet | Found a transporter.
 32005 | Gauntlet | Found a runed translucent door.
 32005 | Gauntlet | Found a runed translucent gate.
 32006 | Gauntlet | Found a transporter.
 32007 | Gauntlet | Found a transporter.
 32017 | Gauntlet | Found a transporter.
 32033 | Gauntlet | Found a transporter.
 32043 | Gauntlet | Found a transporter.
 32061 | Gauntlet | Found a transporter.
 32070 | Gauntlet | Found a large runed translucent door.
 32070 | Gauntlet | Found a large runed translucent door.
 32071 | Gauntlet | Found a large runed translucent door.
 32072 | Gauntlet | Found a large runed translucent door.
 32072 | Gauntlet | Found a large runed translucent door.
 32072 | Gauntlet | Found a large runed translucent door.
 32073 | Gauntlet | Found a large runed translucent door.
 32073 | Gauntlet | Found a large runed translucent door.
 32077 | Gauntlet | Found a transporter.
 32557 | Gauntlet | Got a warped helmet
 32559 | Gauntlet | Identified the -3 helmet "Xuafi" {Str+2 Int+6} (You found
                  | it in a Gauntlet)
 32645 | Gauntlet | Identified the +6 pearl dragon scales of the Skies Above
                  | {+Inv rN+ Str+3 Int+3}
 34819 | D:14     | Noticed Jorgrun
 34838 | D:14     | Killed Jorgrun
 34838 | D:14     | Reached XP level 16. HP: 76/132 MP: 16/16
 35320 | D:15     | Entered Level 15 of the Dungeon
 35657 | D:15     | Noticed Nessos
 35675 | D:15     | Killed Nessos
 35952 | D:15     | Upgraded the game from 0.26-a0-188-ga22346179c to
                  | 0.26-a0-200-g62faa89a7e
 37206 | D:15     | Found a staircase to the Depths.
 37743 | Swamp:1  | Entered Level 1 of the Swamp
 37743 | Swamp:1  | Noticed Nikola
 37751 | Lair:3   | Learned a level 3 spell: Gell's Gravitas
 37755 | Lair:3   | Learned a level 3 spell: Confusing Touch
 37774 | Swamp:1  | Killed Nikola
 38025 | Swamp:1  | Noticed Frances
 38039 | Swamp:1  | Killed Frances
 38118 | Swamp:1  | Reached skill level 15 in Fighting
 38350 | Swamp:1  | Reached skill level 1 in Translocations
 38350 | Swamp:1  | Reached skill level 1 in Evocations
 38836 | Swamp:1  | Got the amulet "Pejag" {rElec rF+ Regen+ Str-3 Int+2}
 39502 | Swamp:2  | Noticed a thorn hunter
 39516 | Swamp:2  | Killed a thorn hunter
 39708 | Swamp:2  | Paralysed by a hornet for 2 turns
 40009 | Swamp:2  | Reached XP level 17. HP: 136/142 MP: 17/17
 40256 | Swamp:2  | Found a transporter.
 40272 | Swamp:2  | Noticed Kirke
 40285 | Swamp:2  | Killed Kirke
 40392 | Swamp:2  | Found a transporter.
 40802 | Swamp:3  | Reached skill level 5 in Translocations
 40809 | Swamp:3  | Reached skill level 5 in Evocations
 41646 | Swamp:4  | Entered Level 4 of the Swamp
 41706 | Swamp:4  | Found a shimmering altar of Xom.
 42285 | Swamp:4  | Noticed a tentacled monstrosity
 42302 | Swamp:4  | Killed a tentacled monstrosity
 42768 | Swamp:4  | Got a decaying rune of Zot
 43531 | Spider:1 | Entered Level 1 of the Spider Nest
 44119 | Spider:1 | Learned a level 3 spell: Portal Projectile
 44223 | Spider:1 | Noticed Asterion
 44248 | Spider:1 | Killed Asterion
 44541 | Spider:1 | You fall into a shaft and drop 1 floor!
 44745 | Spider:1 | Reached XP level 18. HP: 141/149 MP: 18/18
 45140 | Spider:2 | Identified Exzimupt's Grimoire of the Glacier and Stolen
                  | Souls
 47704 | Spider:3 | Reached skill level 15 in Armour
 48809 | Spider:4 | Entered Level 4 of the Spider Nest
 48840 | Spider:4 | Identified the +8 chain mail of Leufyum {rPois rF+ rCorr
                  | Str-3} (You found it on level 4 of the Spider Nest)
 49910 | Spider:4 | Paralysed by a hornet for 2 turns
 49991 | Spider:4 | Reached skill level 10 in Translocations
 49991 | Spider:4 | Reached skill level 10 in Evocations
 51077 | Spider:4 | Got a gossamer rune of Zot
 51385 | Vaults:1 | Entered Level 1 of the Vaults
 51490 | Vaults:1 | Reached skill level 10 in Dodging
 51749 | Vaults:1 | Reached XP level 19. HP: 155/155 MP: 19/19
 51760 | Vaults:1 | Reached skill level 1 in Hexes
 51836 | Vaults:1 | HP: 2/155 [disintegration[an orc knight] (30)]
 51906 | Vaults:1 | Noticed Aizul
 51926 | Vaults:1 | Slain by a large slime creature

Illustrated notes

Levels and vault maps discovered:
D:1:      evilmike_arrival_crescent, layout_basic, columned_hall_lemuel
D:2:      layout_basic, yredelemnul_altar_generic, old_standard_altar,
          lemuel_another_geyser, uniq_sigmund
D:3:      layout_basic, uniq_jessica, uniq_grinder
D:4:      layout_loops_ring, nicolae_overflow_hidden_temple,
          eat_drink_and_be_merry_uskayaw, temple_hall_moat, serial_shops,
          kennysheep_mini
D:5:      layout_cave_pools, serial_shops, shop_fountains,
          nicolae_shop_window_shopping, first_ration, nrook_mini_vaults,
          nicolae_zen_rock_garden
D:6:      layout_loops_ring, lemuel_crystal_altar, basic_altar
D:7:      layout_layer_cave, lightli_minifort
D:8:      minmay_clustersquares, layout_basic
D:9:      layout_basic, orc_0_dummy, hangedman_little_slice_of_home
D:10:     lemuel_upstairs_altar, layout_grid_maze, minmay_variable_closet,
          bloody_trog
D:11:     layout_roguey [special_room_bee], erik_lair_orcish_takeover,
          gammafunk_ghost_wrathful_warriors, serial_undead, serial_undead_f,
          serial_undead_d, serial_undead_d, serial_undead_c, serial_undead_f,
          serial_shops, shop, shop, shop_statue, nicolae_shop_stone
D:12:     layout_basic
D:13:     layout_long_grid, erik_vaults_2, gauntlet_entry_generic,
          kennysheep_generic_room_3
D:14:     layout_stronghold, amethyst_killhole, minivault_8, uniq_jorgrun
D:15:     grunt_enter_depths_hoard, layout_layer_cave, minmay_misc_feat_doors,
          uniq_nessos
Lair:1:   layout_chaotic_city, wad_woods_road_05
Lair:2:   layout_hall_layers, st_stairs_9, pond
Lair:3:   layout_regular_city, skrybe_swamp_entry_bodies
Lair:4:   layout_cave_pods, nicolae_spider_entry_non_spiders
Lair:5:   layout_regular_city, minmay_slime_entry_pillars, serial_bayou_lake_a
Lair:6:   minmay_lair_end_enchanted_forest, layout_layer_cave,
          minmay_shattered_shrine
Swamp:1:  layout_basic_swamp, evilmike_swamp_ruin_house_5,
          cheibrodos_swamp_minitomb, uniq_frances, uniq_nikola
Swamp:2:  gammafunk_the_bubble [the_bubble_gammafunk_plus_minus],
          layout_falls_marsh, hangedman_swamp_ruin_wall, swamp_pool3,
          hangedman_swamp_diagram, uniq_kirke
Swamp:3:  layout_basic_swamp, evilmike_swamp_ruin_house_4,
          infiniplex_staircase_pool
Swamp:4:  swamp_vile, layout_basic_swamp, nicolae_swamp_godswood
Spider:1: layout_spider_delve, uniq_asterion
Spider:2: layout_chambers
Spider:3: nicolae_orb_stairs_large, zaba_antful_of_joy
Spider:4: guppyfry_spider_rune, nicolae_spider_webs_and_nodes
Orc:1:    layout_caves, trog_butcher_becter, uniq_urug, uniq_maurice,
          uniq_harold
Orc:2:    st_orc_congregation, layout_diamond_mine
Vaults:1: ontoclasm_vaults_shuriken, hangedman_vaults_maws,
          nicolae_vaults_alarming, nicolae_vaults_circle_grid_b, v_misc_14,
          ontoclasm_vaults_twist, nicolae_vaults_little_squares_2,
          sword_in_stone, vaults_dpeg_cross, layout_vaults_omnigrid, uniq_aizul

Skill      XL: |  1  2  3  4  5  6  7  8  9 10 11 12 13 14 15 16 17 18 19 |
---------------+----------------------------------------------------------+-----
Fighting       | 4 5 6 7 8 9 10 11 13 15 | 15.1
Dodging        | 1 2 3 4 5 6 7 8 10 | 10.0
Armour         | 4 5 6 6 7 8 9 10 12 13 14 15 | 15.3
Polearms       | 3 4 5 6 7 9 10 11 13 14 | 14.0
Shields        | 0 |  0.0
Slings         | 2 5 8 10 12 13 14 | 14.0
Translocations | 4 8 10 | 10.5
Evocations     | 4 8 10 | 10.5
Hexes          | 1 |  1.5

Action                   |  1- 3 |  4- 6 |  7- 9 | 10-12 | 13-15 | 16-18 | 19-21 || total
-------------------------+-------+-------+-------+-------+-------+-------+-------++-------
Melee: Trident           |   127 |   103 |   591 |   480 |   144 |   941 |    22 ||  2408
       Fustibalus        |       |       |       |       |       |     1 |       ||     1
 Fire: Fustibalus        |       |       |       |   512 |  1611 |  1726 |    30 ||  3879
Throw: Javelin           |       |       |       |     1 |       |       |       ||     1
       Dart              |       |       |       |       |     1 |    19 |       ||    20
 Cast: Portal Projectile |       |       |       |       |       |       |     1 ||     1
Invok: Sacrifice Arcana  |       |     1 |       |       |       |       |       ||     1
       Sacrifice a Hand  |       |       |     1 |       |       |       |       ||     1
       Draw Out Power    |       |       |     1 |       |     6 |     6 |     1 ||    14
       Sacrifice Skill   |       |       |     1 |       |       |       |       ||     1
       Power Leap        |       |       |       |     2 |     3 |     1 |     1 ||     7
       Apocalypse        |       |       |       |     1 |     3 |     2 |     1 ||     7
       Sacrifice Health  |       |       |       |     1 |       |       |       ||     1
 Abil: Hop               |       |       |       |     1 |     3 |     9 |     1 ||    14
Evoke: Wand              |       |       |       |       |       |    20 |       ||    20
       Phial of floods   |       |       |       |       |       |     3 |     1 ||     4
       Box of beasts     |       |       |       |       |       |     1 |       ||     1
       Phantom mirror    |       |       |       |       |       |     1 |       ||     1
  Use: Scroll            |     4 |       |     4 |    13 |    12 |    11 |     3 ||    47
       Potion            |       |     6 |     1 |     4 |     7 |     6 |     1 ||    25
 Stab: Sleeping          |       |       |     1 |       |       |       |       ||     1
       Distracted        |       |       |     1 |     2 |     1 |     4 |       ||     8
       Paralysed         |       |       |     3 |     4 |     2 |     5 |       ||    14
       Invisible         |       |       |       |     2 |     7 |    11 |       ||    20
       Confused          |       |       |       |       |       |     2 |       ||     2
  Eat: Chunk             |     3 |     2 |    18 |    31 |    28 |    31 |       ||   113
       Ration            |       |       |     2 |     2 |     6 |     6 |       ||    16
Armor: Scale mail        |    42 |    30 |       |       |       |       |       ||    72
       Leather armour    |       |     9 |    34 |       |       |       |       ||    43
       Ring mail         |       |       |   178 |   161 |       |       |       ||   339
       Plate armour      |       |       |       |   376 |   526 |       |       ||   902
       Pearl dragon scal |       |       |       |       |    24 |  1468 |    26 ||  1518
       Swamp dragon scal |       |       |       |       |       |    75 |       ||    75
Dodge: Dodged            |    30 |    24 |   348 |   369 |   164 |   638 |    26 ||  1599
       Repelled          |       |       |     2 |     2 |    30 |    23 |     2 ||    59
Block: Kite shield       |    48 |    42 |   106 |       |       |       |       ||   196

Table legend:
 A = Non-vault XP
 B = Vault XP
 C = Vault XP percentage of total XP
 D = Non-vault monster count
 E = Vault monster count
 F = Vault count percentage of total count
                 A         B        C        D         E       F
            +---------+---------+-------+---------+---------+-------
      Total |  206472 |  113130 |  35.4 |     851 |     370 |  30.3
            +---------+---------+-------+---------+---------+-------
        D:1 |      62 |       0 |   0.0 |      25 |       0 |   0.0
        D:2 |      79 |     231 |  74.5 |      12 |       1 |   7.7
        D:3 |     200 |     277 |  58.1 |      29 |       2 |   6.5
        D:4 |     599 |       0 |   0.0 |      18 |       0 |   0.0
        D:5 |     344 |       0 |   0.0 |      25 |       0 |   0.0
        D:6 |    1353 |       0 |   0.0 |      28 |       0 |   0.0
        D:7 |    1324 |     138 |   9.4 |      36 |       3 |   7.7
        D:8 |    1083 |     707 |  39.5 |      11 |       6 |  35.3
        D:9 |    2966 |    1018 |  25.6 |      31 |       9 |  22.5
       D:10 |    2151 |       0 |   0.0 |      33 |       0 |   0.0
       D:11 |    4622 |    3061 |  39.8 |      35 |      42 |  54.5
       D:12 |    6789 |       0 |   0.0 |      39 |       0 |   0.0
       D:13 |    4538 |    7478 |  62.2 |      18 |       9 |  33.3
       D:14 |    9645 |    4566 |  32.1 |      28 |       5 |  15.2
       D:15 |   18376 |    3028 |  14.1 |      41 |       3 |   6.8
     Lair:1 |    3931 |     241 |   5.8 |      20 |       3 |  13.0
     Lair:2 |    2893 |     348 |  10.7 |       7 |       4 |  36.4
     Lair:3 |    3993 |     524 |  11.6 |      16 |       2 |  11.1
     Lair:4 |    8104 |     503 |   5.8 |      33 |       8 |  19.5
     Lair:5 |    6441 |     387 |   5.7 |      25 |       4 |  13.8
     Lair:6 |   13209 |   14623 |  52.5 |      35 |      59 |  62.8
    Swamp:1 |   18037 |    3598 |  16.6 |      44 |       9 |  17.0
    Swamp:2 |   12802 |    2731 |  17.6 |      29 |       5 |  14.7
    Swamp:3 |   12473 |       0 |   0.0 |      30 |       0 |   0.0
    Swamp:4 |   15095 |   18211 |  54.7 |      36 |      29 |  44.6
   Spider:1 |    9240 |    2261 |  19.7 |      28 |       1 |   3.4
   Spider:2 |   15179 |       0 |   0.0 |      36 |       0 |   0.0
   Spider:3 |   11162 |   10468 |  48.4 |      31 |      44 |  58.7
   Spider:4 |    6965 |   20872 |  75.0 |      21 |      35 |  62.5
      Orc:1 |    2296 |    1736 |  43.1 |      12 |       6 |  33.3
      Orc:2 |    1408 |   11515 |  89.1 |      15 |      71 |  82.6
   Vaults:1 |    9113 |       0 |   0.0 |      24 |       0 |   0.0
   Gauntlet |       0 |    4608 | 100.0 |       0 |      10 | 100.0
            +---------+---------+-------+---------+---------+-------
